 Dungeon Crawl Stone Soup version 0.30-a0-219-gf2db51d15e (webtiles) character file.

Game seed: 17120420417593883988

265 KennySheep the Grasshopper (level 5, 0/31 HPs)
             Began as a Deep Elf Warper on Oct 6, 2022.
             Succumbed to Sigmund's poison
             ... on level 3 of the Dungeon on Oct 7, 2022.
             The game lasted 00:07:38 (2251 turns).

KennySheep the Grasshopper (Deep Elf Warper)        Turns: 2251, Time: 00:07:38

Health: 0/31       AC:  5    Str:  8    XL:     5   Next: 99%
Magic:  10/12      EV: 11    Int: 24    God:
Gold:   51         SH:  0    Dex: 16    Spells: 9/11 levels left

rFire   . . .      SeeInvis .    a - +2 dagger (venom)
rCold   . . .      Faith    .    (no shield)
rNeg    . . .      Spirit   .    f - +0 ring mail
rPois   .          Reflect  .    (no helmet)
rElec   .          Harm     .    m - scarf {repulsion}
rCorr   .          Rampage  .    (no gloves)
Will    +....                    (no boots)
Stlth   +.........               (no amulet)
HPRegen 0.25/turn                o - +6 ring of intelligence
MPRegen 0.13/turn                q - ring of willpower

@: mighty, lethally poisoned (0 -> -8), hasted, invisible, repel missiles, very
quick
A: no striking features
a: no special abilities


You were on level 3 of the Dungeon.
You visited 1 branch of the dungeon, and saw 3 of its levels.

You collected 64 gold pieces.
You spent 13 gold pieces at shops.

Inventory:

Hand Weapons
 a - a +2 dagger of venom (weapon)
 j - a +0 short sword
Missiles
 d - 6 boomerangs of dispersal (quivered)
Armour
 b - a +0 leather armour
 f - a +0 ring mail (worn)
 m - a scarf of repulsion (worn)
Jewellery
 o - a +6 ring of intelligence (left hand)
 q - a ring of willpower (right hand)
Scrolls
 c - a scroll of blinking
 l - a scroll of enchant armour
 s - a scroll of amnesia
Potions
 g - 2 potions of ambrosia
 h - a potion of might
 i - a potion of degeneration


   Skills:
 + Level 2.3 Fighting
 - Level 2.0 Short Blades
 * Level 4.0 Ranged Weapons
 - Level 1.0 Throwing
 + Level 1.6 Armour
 + Level 3.4 Dodging
 + Level 3.6 Spellcasting
 * Level 4.7 Translocations


You had 9 spell levels left.
You knew the following spells:

 Your Spells              Type           Power      Damage    Failure   Level
a - Blink                 Tloc           52%        N/A       7%          2

Your spell library contained the following spells:

 Spells                   Type           Power      Damage    Failure   Level
 Apportation              Tloc           52%        N/A       4%          1
 Lesser Beckoning         Tloc           52%        N/A       13%         3
 Teleport Other           Tloc           26%        N/A       13%         3
 Necrotise                Necr           16%        1d4       30%         1
 Summon Small Mammal      Summ           16%        N/A       30%         1
 Vhi's Electric Charge    Tloc/Air       30%        N/A       34%         3
 Ensorcelled Hibernation  Hex/Ice        8%         N/A       41%         2
 Passwall                 Tmut/Erth      3%         N/A       41%         2
 Static Discharge         Conj/Air       8%         2-3/arc   41%         2
 Manifold Assault         Tloc           26%        N/A       41%         4
 Swiftness                Air            4%         N/A       65%         3
 Arcjolt                  Conj/Air       2%         1d12      100%        5
 Lightning Bolt           Conj/Air       2%         1d13      100%        5


Dungeon Overview and Level Annotations

Branches:
Dungeon (3/15)

Altars:

Shops:
D:2 :??:


Message History

You feel very mighty all of a sudden.
You feel sick. Sigmund completely misses you. The endoplasm barely misses you.
You bump into the rock wall.
You feel sick.
Sigmund hits you from afar with a +2 scythe of venom.
You are lethally poisoned!
The endoplasm freezes you.
You are frozen.
* * * LOW HITPOINT WARNING * * *
It was a potion of degeneration.
There was something very wrong with that liquid.
You feel weakened.
You feel dopey.
You feel clumsy.
* * * LOW HITPOINT WARNING * * *
You feel very sick. The endoplasm barely misses you.
It was a potion of invisibility.
You fade into invisibility!
* * * LOW HITPOINT WARNING * * *
You feel very sick. Sigmund hits you but does no damage.
You are more poisoned.
The endoplasm freezes you.
* * * LOW HITPOINT WARNING * * *
It was a potion of curing.
You feel better.
You feel less invigorated.
Sigmund hits you from afar with a +2 scythe of venom.
You are lethally poisoned!
The endoplasm freezes you.
* * * LOW HITPOINT WARNING * * *
It was a potion of haste.
You feel yourself speed up.
* * * LOW HITPOINT WARNING * * *
You feel very sick. The endoplasm barely misses you.
* * * LOW HITPOINT WARNING * * *
You feel sick.
You feel a bit more experienced.
You feel your strength returning.
You feel your intelligence returning.
You feel your dexterity returning.
Your Ranged Weapons skill gained 2 levels and is now at level 4!
You have reached level 5!
You puncture the endoplasm!
You kill the endoplasm!
You die...

........... #......?..# #
#.........####.#
+...............
#.........[... #. .#
#....[......# ##. ..
#.......@...# #.#...
#.###+##'##'#..######.#...
#........@......<........#
####.###.########..##.#...
#.###.#......#..##.#...
#.....#............#..#
#.#####.#.......##.#...
#.# #.#.............. #.#
#.#.......##.#..# #.#
#.#.....#.##.#..# #.#
#.+.....#.##.##.#


There were no monsters in sight!

Vanquished Creatures
  Sigmund (D:3)
  2 adders (D:2)
  2 worms (D:2)
  5 ball pythons
  7 bats
  4 endoplasms
  2 giant cockroaches
  9 goblins
  4 hobgoblins
  11 jackals
  3 frilled lizards
  7 kobolds
  7 rats
64 creatures vanquished.

Notes
Turn   | Place    | Note
-------+----------+-------------------------------------------
     0 | D:1      | KennySheep the Deep Elf Warper began the quest for the Orb.
     0 | D:1      | Reached XP level 1. HP: 12/12 MP: 6/6
   147 | D:1      | Reached skill level 1 in Ranged Weapons
   167 | D:1      | Reached XP level 2. HP: 6/16 MP: 8/8
   249 | D:1      | Learned a level 2 spell: Blink
   308 | D:1      | Reached skill level 1 in Armour
   357 | D:1      | Found a faded altar of an unknown god.
   863 | D:1      | Reached XP level 3. HP: 20/21 MP: 9/9
  1158 | D:2      | Found Misoid's Magic Scroll Boutique.
  1174 | D:2      | Bought a scroll of noise for 13 gold pieces
  1199 | D:2      | Found Cevuklush's Book Shop.
  1320 | D:2      | Found Niriagee's Magic Scroll Shop.
  1406 | D:2      | Found Zul Ray's Book Emporium.
  1471 | D:2      | Reached XP level 4. HP: 26/26 MP: 10/10
  2231 | D:3      | Noticed Sigmund
  2250 | D:3      | HP: 1/26 [poisoned by Sigmund]
  2250 | D:3      | Killed Sigmund
  2251 | D:3      | Reached XP level 5. HP: 1/31 MP: 10/12
  2251 | D:3      | Succumbed to Sigmund's poison

Illustrated notes

Levels and vault maps discovered:
D:1:      dpeg_arrival_houses_and_road, layout_basic,
          shapermc_ecumenical_altar_mp_ritualfount, minmay_stone_trees_small,
          fountainhead, skrybe_limestone_x, minmay_crystal_room,
          minmay_split_cup_large
D:2:      layout_loops_ring, serial_shops, shop, shop, nicolae_square_shop,
          nicolae_shop_hallway_stairs, roderic_lattice_a
D:3:      layout_basic, mainiacjoe_overflow_alcove_1, serial_shops,
          nicolae_square_shop, nicolae_shop_overgrown_old_shop,
          ebering_ghost_rock_garden, uniq_sigmund, uniq_terence

Skill      XL: |  1  2  3  4 |
---------------+-------------+-----
Ranged Weapons | 1 2 4 |  4.0
Armour         | 1 |  1.6
Translocations | 4 |  4.7
Dodging        | 3 |  3.4
Fighting       | 2 |  2.3
Short Blades   | |  2.0
Throwing       | |  1.0
Spellcasting   | |  3.6

Action                   |  1- 3 |  4- 6 || total
-------------------------+-------+-------++-------
Melee: Short sword       |    79 |       ||    79
       Dagger            |    92 |    44 ||   136
Throw: Boomerang         |     1 |       ||     1
  Use: Potion            |       |     6 ||     6
       Scroll            |       |     4 ||     4
Armor: Leather armour    |     6 |       ||     6
       Ring mail         |    79 |    16 ||    95
Dodge: Dodged            |   113 |    23 ||   136

Table legend: (Time is in decaauts)
 A = Elapsed time spent in this place.
 B = Non-inter-level travel time spent in this place.
 C = Inter-level travel time spent in this place.
 D = Time resting spent in this place.
 E = Time spent auto-exploring this place.
 F = Levels seen in this place.
 G = Mean time per level.
                   A        B        C        D        E       F      G
               +--------+--------+--------+--------+--------+-----+--------+
         Total |   2228 |   2191 |     37 |    139 |   1599 |   3 |  742.7 |
       Dungeon |   2228 |   2191 |     37 |    139 |   1599 |   3 |  742.7 |
               +--------+--------+--------+--------+--------+-----+--------+

Top non-repeatable levels by time:
     D:1: 1146 daAuts
     D:2: 970 daAuts
     D:3: 111 daAuts
